 Dungeon Sprint DCSS version 0.23.1 (webtiles) character file.

Game seed: 0

2950 wilfster70 the Covert (level 9, -7/74 HPs)
             Began as a Gnoll Enchanter on Mar 8, 2019.
             Was an Initiate of Gozag.
             Splashed by an oklob plant's acid (9 damage)
             ... in the Dungeon (Sprint I: "Red Sonja").
             The game lasted 00:05:45 (1407 turns).

wilfster70 the Covert (Gnoll Enchanter)             Turns: 1407, Time: 00:05:47

Health: -7/74      AC:  1    Str: 10    XL:     9   Next: 81%
Magic:  22/22      EV: 15    Int: 20    God:    Gozag
Gold:   799        SH: 12    Dex: 19    Spells: 21/27 levels left

rFire    . . .     SeeInvis .   m - +5 long sword of Integrity {speed, rPois rC+ Dex+2}
rCold    + . .     Gourm    .   b - +1 shield {AC+3}
rNeg     . . .     Faith    .   l - +0 ring mail
rPois    +         Spirit   .   (no helmet)
rElec    .         Reflect  .   (no cloak)
rCorr    .         Harm     .   (no gloves)
MR       .....     NoTele   +   (no boots)
Stlth    ++++......             (no amulet)
HPRegen  0.22/turn              (no ring)
MPRegen  0.18/turn              (no ring)

@: corroded
A: distributed training, fangs 1, strong nose
a: Potion Petition, Call Merchant, Bribe Branch, Renounce Religion


You were in the Dungeon.
You worshipped Gozag.
Gozag was pleased with you.
You were very hungry.

You visited 1 branch You collected 1259 gold pieces.
You spent 460 gold pieces at shops.

Inventory:

Hand Weapons
 a - a +1 dagger
 e - a +0 blowgun
 m - the +5 long sword of Integrity (weapon) {speed, rPois rC+ Dex+2}
   (You bought it in a shop in the Dungeon)

   Attacks with this weapon are significantly faster.
   It affects your dexterity (+2).
   It protects you from cold.
   It protects you from poison.
Missiles
 n - 9 curare-tipped needles
Armour
 b - a +1 shield of protection (worn)
 l - a +0 ring mail (worn)
Wands
 c - a wand of polymorph (1)
Scrolls
 j - a scroll of blinking
 o - a scroll of amnesia {unknown}
Potions
 g - a potion of haste
 h - 2 potions of magic
 i - a potion of berserk rage
 k - 2 potions of lignification {unknown}
Comestibles
 d - a ration


   Skills:
 + Level 8.0 Fighting
 + Level 8.4 Short Blades
 + Level 8.0 Long Blades
 + Level 8.0 Axes
 + Level 8.0 Maces & Flails
 + Level 8.0 Polearms
 + Level 8.0 Staves
 + Level 8.0 Slings
 + Level 8.0 Bows
 + Level 8.0 Crossbows
 + Level 8.0 Throwing
 + Level 8.0 Armour
 + Level 9.3 Dodging
 + Level 10.0 Stealth
 + Level 8.0 Shields
 + Level 8.0 Unarmed Combat
 + Level 9.5 Spellcasting
 + Level 6.6 Conjurations
 + Level 8.7 Hexes
 + Level 6.6 Charms
 + Level 6.6 Summonings
 + Level 6.6 Necromancy
 + Level 6.6 Translocations
 + Level 6.6 Transmutations
 + Level 6.6 Fire Magic
 + Level 6.6 Ice Magic
 + Level 6.6 Air Magic
 + Level 6.6 Earth Magic
 + Level 6.6 Poison Magic
 + Level 8.7 Invocations
 + Level 8.0 Evocations


You had 21 spell levels left.
You knew the following spells:

 Your Spells              Type           Power        Failure   Level  Hunger
a - Corona                Hex            #####..      1%          1    None
b - Ensorcelled Hibernat  Hex/Ice        #####.       2%          2    None
c - Confuse               Hex            #####...     3%          3    None

Your spell library contained the following spells:

 Spells                   Type           Power        Failure   Level  Hunger
 Tukima's Dance           Hex            #####...     3%          3    None
 Dazzling Spray           Conj/Hex       #####.       4%          3    None


Dungeon Overview and Level Annotations

Branches:
Dungeon (1/1)

Altars:
Cheibriados
Dithmenos
Elyvilon
Fedhas
Gozag
Hepliaklqana
Kikubaaqudgha
Nemelex Xobeh
Okawaru
Qazlal
Ru
Sif Muna
Trog
Uskayaw
Vehumet
Wu Jian
Yredelemnul
Zin
The Shining One

Shops:
D [([

Annotations:
D exclusion: oklob plant


Innate Abilities, Weirdness & Mutations

Your experience applies equally to all skills.
You have very sharp teeth.
Your uncanny sense of smell can sniff out nearby items.


Message History

You slash the oklob plant!
You bite the oklob plant, but do no damage.
The oklob plant is moderately damaged.
The oklob plant spits acid at you. The splash of acid hits you.
You are splashed with acid!
* * * LOW HITPOINT WARNING * * *
You hit the oklob plant but do no damage.
The oklob plant is moderately damaged.
You hit the oklob plant but do no damage.
The oklob plant is moderately damaged.
You hit the oklob plant but do no damage.
The oklob plant is moderately damaged.
You hit the oklob plant but do no damage.
The oklob plant is moderately damaged.
The oklob plant spits acid at you. The splash of acid hits you!
* * * LOW HITPOINT WARNING * * *
You are splashed with acid!
You die...
Your body crumbles into a pile of gold.

######### ..#.['..#
$$ $$ $$ ..'..#..+
$$ $ #'#####'# ####
$
..#...#(####§§####
$ $
###..##!#≈§≈)§#..#
$
__##'#_.+≈§≈.§'..#
$
...'..._#≈§(..#..#
$$$
__##_.#+##§#####@#
__###'#$#§.§§###P+$
#####.####'###(###$
...'..)'..§§.'.∩#
$$
####...########## $
$$ $ $ ##.## ∆


$$$$$$$$$ $#+#$ $ $$$$$$$$$ $∆$∆$ ∆∆ $$$$$$ $∆∆∆$ $$$ You could see an oklob
plant.

Vanquished Creatures
  2 centaur warriors (D)
  Sonja (D)
  A deep troll (D)
  A hornet (D)
  Sigmund (D)
  A yak (D)
  An ogre (D)
  A jelly (D)
  Ijyb (D)
10 creatures vanquished.

Vanquished Creatures (others)
  A gargoyle (D)
1 creature vanquished.

Grand Total: 11 creatures vanquished

Notes
Turn   | Place    | Note
-------+----------+-------------------------------------------
     0 | D        | wilfster70 the Gnoll Enchanter began the quest for the Orb.
     0 | D        | Reached XP level 1. HP: 13/13 MP: 6/6
     3 | D        | Noticed Ijyb
    10 | D        | Killed Ijyb
    10 | D        | Reached skill level 1 in Fighting
    10 | D        | Reached skill level 1 in Long Blades
    10 | D        | Reached skill level 1 in Axes
    10 | D        | Reached skill level 1 in Maces & Flails
    10 | D        | Reached skill level 1 in Polearms
    10 | D        | Reached skill level 1 in Staves
    10 | D        | Reached skill level 1 in Slings
    10 | D        | Reached skill level 1 in Bows
    10 | D        | Reached skill level 1 in Crossbows
    10 | D        | Reached skill level 1 in Throwing
    10 | D        | Reached skill level 1 in Armour
    10 | D        | Reached skill level 6 in Stealth
    10 | D        | Reached skill level 1 in Shields
    10 | D        | Reached skill level 1 in Unarmed Combat
    10 | D        | Reached skill level 5 in Spellcasting
    10 | D        | Reached skill level 1 in Conjurations
    10 | D        | Reached skill level 1 in Charms
    10 | D        | Reached skill level 1 in Summonings
    10 | D        | Reached skill level 1 in Necromancy
    10 | D        | Reached skill level 1 in Translocations
    10 | D        | Reached skill level 1 in Transmutations
    10 | D        | Reached skill level 1 in Fire Magic
    10 | D        | Reached skill level 1 in Ice Magic
    10 | D        | Reached skill level 1 in Air Magic
    10 | D        | Reached skill level 1 in Earth Magic
    10 | D        | Reached skill level 1 in Poison Magic
    10 | D        | Reached skill level 1 in Evocations
    10 | D        | Reached XP level 2. HP: 20/22 MP: 8/8
    10 | D        | Reached XP level 3. HP: 25/27 MP: 9/9
    14 | D        | Learned a level 2 spell: Ensorcelled Hibernation
    18 | D        | Learned a level 3 spell: Confuse
   134 | D        | Noticed an ogre
   147 | D        | Killed an ogre
   147 | D        | Reached skill level 5 in Dodging
   147 | D        | Reached XP level 4. HP: 14/35 MP: 0/11
   350 | D        | Noticed Sigmund
   353 | D        | Killed Sigmund
   353 | D        | Reached skill level 5 in Short Blades
   353 | D        | Reached skill level 7 in Stealth
   353 | D        | Reached XP level 5. HP: 42/42 MP: 12/14
   353 | D        | Reached XP level 6. HP: 48/48 MP: 12/15
   369 | D        | Killed a gargoyle
   384 | D        | Found a deep blue altar of Sif Muna.
   385 | D        | Found an ornate altar of the Wu Jian Council.
   386 | D        | Found a radiant altar of Vehumet.
   406 | D        | Found Bedirghong's Antique Weapon Emporium.
   406 | D        | Found an ancient bone altar of Kikubaaqudgha.
   406 | D        | Found a hazy altar of Hepliaklqana.
   406 | D        | Found a hide-covered altar of Uskayaw.
   406 | D        | Found a basalt altar of Yredelemnul.
   406 | D        | Found an opulent altar of Gozag.
   406 | D        | Found a snail-covered altar of Cheibriados.
   406 | D        | Found a sacrificial altar of Ru.
   406 | D        | Found a shadowy altar of Dithmenos.
   406 | D        | Noticed a yak
   407 | D        | Found a stormy altar of Qazlal.
   407 | D        | Found a blossoming altar of Fedhas.
   407 | D        | Found a bloodstained altar of Trog.
   407 | D        | Found an iron altar of Okawaru.
   407 | D        | Found a glowing golden altar of the Shining One.
   407 | D        | Found a glowing silver altar of Zin.
   407 | D        | Found a white marble altar of Elyvilon.
   408 | D        | Killed a yak
   408 | D        | Reached skill level 5 in Fighting
   408 | D        | Reached skill level 5 in Long Blades
   408 | D        | Reached skill level 5 in Axes
   408 | D        | Reached skill level 5 in Maces & Flails
   408 | D        | Reached skill level 5 in Polearms
   408 | D        | Reached skill level 5 in Staves
   408 | D        | Reached skill level 5 in Slings
   408 | D        | Reached skill level 5 in Bows
   408 | D        | Reached skill level 5 in Crossbows
   408 | D        | Reached skill level 5 in Throwing
   408 | D        | Reached skill level 5 in Armour
   408 | D        | Reached skill level 5 in Shields
   408 | D        | Reached skill level 5 in Unarmed Combat
   408 | D        | Reached skill level 5 in Invocations
   408 | D        | Reached skill level 5 in Evocations
   408 | D        | Reached XP level 7. HP: 56/56 MP: 15/17
   409 | D        | Found a sparkling altar of Nemelex Xobeh.
   415 | D        | Became a worshipper of Gozag Ym Sagoz the Greedy
   418 | D        | Bought a pitted long sword for 246 gold pieces
   418 | D        | Identified the +5 long sword of Integrity {speed, rPois rC+
                  | Dex+2} (You bought it in a shop in the Dungeon)
   426 | D        | Noticed Sonja
   430 | D        | HP: 1/56 [Sonja/+1 dagger of distortion (5)]
   434 | D        | Killed Sonja
   434 | D        | Reached skill level 8 in Stealth
   434 | D        | Reached skill level 5 in Conjurations
   434 | D        | Reached skill level 5 in Charms
   434 | D        | Reached skill level 5 in Summonings
   434 | D        | Reached skill level 5 in Necromancy
   434 | D        | Reached skill level 5 in Translocations
   434 | D        | Reached skill level 5 in Transmutations
   434 | D        | Reached skill level 5 in Fire Magic
   434 | D        | Reached skill level 5 in Ice Magic
   434 | D        | Reached skill level 5 in Air Magic
   434 | D        | Reached skill level 5 in Earth Magic
   434 | D        | Reached skill level 5 in Poison Magic
   434 | D        | Reached XP level 8. HP: 10/64 MP: 14/20
   702 | D        | Noticed a deep troll
   706 | D        | Killed a deep troll
   706 | D        | Reached skill level 9 in Stealth
   732 | D        | Found Leosihib's Antique Armour Boutique.
   758 | D        | Found Yla Tieri's Armour Emporium.
   763 | D        | Bought a +1 shield of protection for 214 gold pieces
   782 | D        | Noticed a centaur warrior
   783 | D        | Noticed a centaur warrior
   790 | D        | HP: 3/65 [centaur warrior (3)]
   791 | D        | Killed a centaur warrior
   791 | D        | Reached XP level 9. HP: 4/72 MP: 10/22
   793 | D        | Killed a centaur warrior
  1117 | D        | Noticed a hornet
  1120 | D        | Killed a hornet
  1120 | D        | Reached skill level 10 in Stealth
  1132 | D        | Noticed an oklob plant
  1407 | D        | HP: 2/74 [oklob plant/splash of acid (14)]
  1407 | D        | Splashed by an oklob plant's acid

Skill      XL: |  1  2  3  4  5  6  7  8  9 |
---------------+----------------------------+-----
Fighting       | 1 3 4 5 6 7 8 |  8.0
Short Blades   | 3 4 5 6 7 8 |  8.4
Long Blades    | 1 3 4 5 6 7 8 |  8.0
Axes           | 1 3 4 5 6 7 8 |  8.0
Maces & Flails | 1 3 4 5 6 7 8 |  8.0
Polearms       | 1 3 4 5 6 7 8 |  8.0
Staves         | 1 3 4 5 6 7 8 |  8.0
Slings         | 1 3 4 5 6 7 8 |  8.0
Bows           | 1 3 4 5 6 7 8 |  8.0
Crossbows      | 1 3 4 5 6 7 8 |  8.0
Throwing       | 1 3 4 5 6 7 8 |  8.0
Armour         | 1 3 4 5 6 7 8 |  8.0
Stealth        | 6 7 8 9 10 | 10.0
Shields        | 1 3 4 5 6 7 8 |  8.0
Unarmed Combat | 1 3 4 5 6 7 8 |  8.0
Spellcasting   | 5 6 7 8 9 |  9.5
Conjurations   | 1 2 3 4 5 6 |  6.6
Charms         | 1 2 3 4 5 6 |  6.6
Summonings     | 1 2 3 4 5 6 |  6.6
Necromancy     | 1 2 3 4 5 6 |  6.6
Translocations | 1 2 3 4 5 6 |  6.6
Transmutations | 1 2 3 4 5 6 |  6.6
Fire Magic     | 1 2 3 4 5 6 |  6.6
Ice Magic      | 1 2 3 4 5 6 |  6.6
Air Magic      | 1 2 3 4 5 6 |  6.6
Earth Magic    | 1 2 3 4 5 6 |  6.6
Poison Magic   | 1 2 3 4 5 6 |  6.6
Invocations    | 2 3 4 5 6 8 |  8.7
Evocations     | 1 3 4 5 6 7 8 |  8.0
Dodging        | 5 6 7 8 9 |  9.3
Hexes          | 6 7 8 |  8.7

Action                   |  1- 3 |  4- 6 |  7- 9 || total
-------------------------+-------+-------+-------++-------
Melee: Dagger            |     6 |     3 |     6 ||    15
       Bite              |     1 |       |     6 ||     7
       Long sword        |       |       |    22 ||    22
 Cast: Ensorcelled Hiber |     4 |       |     7 ||    11
       Confuse           |       |       |     1 ||     1
  Use: Potion            |       |       |     2 ||     2
 Stab: Sleeping          |     2 |     3 |     4 ||     9
       Confused          |       |       |     1 ||     1
       Distracted        |       |       |     1 ||     1
Armor: Ring mail         |       |       |     5 ||     5
Dodge: Dodged            |     1 |       |     4 ||     5
Block: Shield            |       |       |     6 ||     6
